 Dungeon Crawl Stone Soup version 0.26-a0-244-g083ca260ac (webtiles) character file.

Game seed: 6962668671051327887

746 BritishOli the Slasher (level 7, -1/55 HPs)
             Began as a Demonspawn Gladiator on July 8, 2020.
             Was a Follower of Okawaru.
             Slain by a gnoll
             ... wielding a +0 spear
              (3 damage)
             ... while paralysed
             ... on level 4 of the Dungeon.
             The game lasted 00:05:29 (5507 turns).

BritishOli the Slasher (Demonspawn Gladiator)       Turns: 5507, Time: 00:05:30

Health: -1/55      AC:  6    Str: 16    XL:     7   Next: 48%
Magic:  7/7        EV:  2    Int:  9    God:    Okawaru [*.....]
Gold:   139        SH:  0    Dex: 15    Spells: 6/6 levels left

rFire    . . .     SeeInvis .   a - +0 long sword
rCold    . . .     Faith    +   (no shield)
rNeg     . . .     Spirit   .   b - +0 leather armour
rPois    .         Reflect  .   c - +0 helmet
rElec    .         Harm     .   (no cloak)
rCorr    +                      (no gloves)
MR       .....                  e - +1 pair of boots
Stlth    +.........             h - amulet of faith
HPRegen  0.18/turn              s - ring of resist corrosion
MPRegen  0.10/turn              (no ring)

@: paralysed, berserk cooldown, slowed
A: claws 2, hooves 2, spiny 1
a: Heroism, Renounce Religion


You were on level 4 of the Dungeon.
You worshipped Okawaru.
Okawaru was aware of your devotion.
You were not hungry.

You visited 2 branches of the dungeon, and saw 5 of its levels.

You collected 167 gold pieces.
You spent 28 gold pieces at shops.

Inventory:

Hand Weapons
 a - a +0 long sword (weapon)
Missiles
 d - 5 throwing nets (quivered)
Armour
 b - a +0 leather armour (worn)
 c - a +0 helmet (worn)
 e - a +1 pair of boots (worn)
Jewellery
 h - an amulet of faith (around neck)
 s - a ring of resist corrosion (left claw)
Scrolls
 i - a scroll of noise
 j - a scroll of fog {unknown}
 k - a scroll of teleportation {unknown}
 l - a scroll of magic mapping {unknown}
 m - a scroll of remove curse {unknown}
 p - a scroll of blinking {unknown}
 q - 2 scrolls of amnesia
 t - a scroll of immolation {unknown}
Potions
 g - a potion of mutation {unknown}
 n - a potion of ambrosia
 o - 2 potions of flight
 r - a potion of berserk rage
 u - a potion of invisibility {unknown}
 v - a potion of stabbing {unknown}
Comestibles
 f - 2 rations


   Skills:
 + Level 4.4 Fighting
 + Level 4.6 Long Blades
 - Level 2.2 Throwing
 + Level 3.4 Armour
 + Level 4.5 Dodging


You had 6 spell levels left.
You didn't know any spells.
Your spell library was empty.

Dungeon Overview and Level Annotations

Branches:
Dungeon (4/15)             Temple (1/1) D:4

Altars:
Ashenzari
Fedhas
Gozag
Hepliaklqana
Kikubaaqudgha
Makhleb
Okawaru
Qazlal
Ru
Sif Muna
Trog
Uskayaw
Vehumet
Wu Jian
Xom
Yredelemnul
Zin
The Shining One

Shops:
D:4 ?


Innate Abilities, Weirdness & Mutations

You have very sharp fingernails.
You have hoof-like feet.
You are partially covered in sharp spines.


Message History

The gnoll shaman is struck by your spines.
The gnoll shaman hits you with a +0 whip!
* * * LOW HITPOINT WARNING * * *
The gnoll shaman is struck by your spines.
The gnoll shaman hits you with a +0 whip.
* * * LOW HITPOINT WARNING * * *
A red film seems to cover your vision as you go berserk!
You feel yourself moving faster!
You feel mighty! The gnoll misses you.
The gnoll shaman is struck by your spines.
You kill the gnoll shaman!
Okawaru accepts your kill.
Okay, then.
You feel a strong urge to attack something.
You feel your anger nearly subside.
You barely miss the gnoll.
You are no longer berserk.
You pass out from exhaustion.
You feel yourself slow down. The gnoll hits you but does no damage.
The gnoll hits you with a +0 spear.
You die...

#.#
#####################.###########
.................)...............
.≈≈≈≈≈≈≈≈≈≈≈≈≈≈≈≈≈≈≈....≈≈≈≈≈≈≈≈≈
.≈≈≈≈≈≈≈≈≈≈≈≈≈≈≈≈≈≈≈....≈≈≈≈≈≈≈≈≈
.≈≈#####≈≈≈≈≈≈≈≈≈≈≈≈....≈≈≈≈≈≈≈≈≈
.≈≈#.).#.........................
P≈≈#.))#############''''#########
.≈≈###'#....'.Og@..#....#
.≈≈≈.#......#)##.###....#
.≈≈≈.###.)..#.#....#....#
.≈≈≈.#.##''#########(...#######++
.≈≈≈.#.......g.gOg.#....#.)......
.≈≈≈.#...).....#8).')...'........
.≈≈≈.#.##''##..#8..'....'))......
.≈≈≈.###....#......#8..8#........
.≈≈≈.#)...(.#####################


You could see an ogre and a gnoll.

Vanquished Creatures
  An ogre (D:4)
  A phantom (D:4)
  2 scorpions
  2 gnoll shamans (D:4)
  A worker ant (D:4)
  6 adders
  23 gnolls
  3 worms
  A dart slug (D:1)
  7 leopard geckos
  6 bats
  3 giant cockroaches (D:3)
  8 goblins
  7 hobgoblins
  20 jackals
  5 kobolds
  2 quokkas
  2 ball pythons
  5 frilled lizards
  2 jackal skeletons (D:4)
  A leopard gecko skeleton (D:4)
  11 rats
119 creatures vanquished.

Notes
Turn   | Place    | Note
-------+----------+-------------------------------------------
     0 | D:1      | BritishOli the Demonspawn Gladiator began the quest for the
                  | Orb.
     0 | D:1      | Reached XP level 1. HP: 16/16 MP: 1/1
   302 | D:1      | Gained mutation: You have large cloven feet. [demonic
                  | ancestry]
   302 | D:1      | Reached XP level 2. HP: 18/22 MP: 2/2
   585 | D:1      | Gained mutation: You have sharp fingernails. [demonic
                  | ancestry]
   585 | D:1      | Reached XP level 3. HP: 27/28 MP: 3/3
   830 | D:1      | Reached skill level 1 in Armour
  1491 | D:2      | Gained mutation: You have very sharp fingernails. [demonic
                  | ancestry]
  1491 | D:2      | Reached XP level 4. HP: 29/34 MP: 4/4
  2488 | D:3      | Found an ornate altar of the Wu Jian Council.
  2502 | D:3      | Gained mutation: You have hoof-like feet. [demonic
                  | ancestry]
  2502 | D:3      | Reached XP level 5. HP: 38/41 MP: 5/5
  3557 | D:4      | Gained mutation: You are partially covered in sharp spines.
                  | [demonic ancestry]
  3557 | D:4      | Reached XP level 6. HP: 41/47 MP: 6/6
  3605 | D:4      | Found a staircase to the Ecumenical Temple.
  3698 | Temple   | Entered the Ecumenical Temple
  3767 | Temple   | Became a worshipper of Warmaster Okawaru
  4189 | D:4      | Found Yrein's Magic Scroll Shop.
  4195 | D:4      | Bought a scroll of identify for 28 gold pieces
  4241 | D:4      | Found a radiant altar of Vehumet.
  4636 | D:4      | Reached XP level 7. HP: 47/54 MP: 7/7
  4694 | D:4      | Reached * piety under Okawaru
  5501 | D:4      | HP: 1/55 [gnoll shaman/+0 whip (5)]
  5507 | D:4      | Slain by a gnoll

Illustrated notes

Levels and vault maps discovered:
D:1:      grunt_arrival_lava_bath, layout_loops_ring,
          chequers_serial_rivers_room_a, minmay_tree_intersection,
          grunt_decor_one_mirror, minmay_misc_feat_secret_circle
D:2:      layout_loops_cross
D:3:      layout_rooms, old_standard_altar, grunt_ministairs_13
D:4:      lemuel_castle_with_subvaults [lemuel_castle_interior_carwin_2],
          layout_basic, vehumet_crystals, minmay_temple_entry_statues,
          serial_shops, shop, hangedman_minor_gate_pass
Temple:   nicolae_temple_x_marks_the_god

Skill      XL: |  1  2  3  4  5  6 |
---------------+-------------------+-----
Throwing       | 2 |  2.2
Long Blades    | 3 4 |  4.6
Dodging        | 3 4 |  4.5
Armour         | 1 2 3 |  3.4
Fighting       | 3 4 |  4.4

Action                   |  1- 3 |  4- 6 |  7- 9 || total
-------------------------+-------+-------+-------++-------
Melee: Long sword        |   109 |   187 |    66 ||   362
  Use: Scroll            |       |     4 |       ||     4
       Potion            |       |       |     1 ||     1
 Stab: Sleeping          |     1 |     2 |       ||     3
  Eat: Ration            |     1 |     3 |       ||     4
Armor: Leather armour    |    35 |    76 |    17 ||   128
Dodge: Dodged            |    68 |   149 |    59 ||   276
       Rpst.: Long sword |    22 |    41 |    15 ||    78

Table legend:
 A = Non-vault XP
 B = Vault XP
 C = Vault XP percentage of total XP
 D = Non-vault monster count
 E = Vault monster count
 F = Vault count percentage of total count
                 A         B        C        D         E       F
            +---------+---------+-------+---------+---------+-------
      Total |     556 |     510 |  47.8 |      78 |      41 |  34.5
            +---------+---------+-------+---------+---------+-------
        D:1 |      55 |       0 |   0.0 |      22 |       0 |   0.0
        D:2 |     121 |       0 |   0.0 |      25 |       0 |   0.0
        D:3 |     127 |      16 |  11.2 |      20 |       2 |   9.1
        D:4 |     253 |     494 |  66.1 |      11 |      39 |  78.0
            +---------+---------+-------+---------+---------+-------
